 Dungeon Crawl Stone Soup version 0.29.1-2-gbd0b4ee654 (webtiles) character file.

Game seed: 6094805478513256099

259 safid the Shooter (level 5, 0/49 HPs)
             Began as a Minotaur Hunter on Nov 4, 2022.
             Was an Initiate of Okawaru.
             Slain by an ufetubus (3 damage)
             ... on level 5 of the Dungeon.
             The game lasted 00:06:15 (5370 turns).

safid the Shooter (Minotaur Hunter)                 Turns: 5370, Time: 00:06:16

Health: 0/49       AC:  3    Str: 16    XL:     5   Next: 95%
Magic:  4/4        EV: 12    Int:  6    God:    Okawaru [......]
Gold:   434        SH:  5    Dex: 15    Spells: 4/4 levels left

rFire   . . .      SeeInvis .   a - +0 shortbow
rCold   + . .      Faith    .   (shield currently unavailable)
rNeg    . . .      Spirit   .   c - +0 leather armour
rPois   .          Reflect  +   (helmet restricted)
rElec   .          Harm     .   (no cloak)
rCorr   .          Rampage  .   (no gloves)
Will    .....                   (no boots)
Stlth   +.........              j - amulet of reflection
HPRegen 0.16/turn               f - ring of protection from cold
MPRegen 0.09/turn               (no ring)

@: lethally poisoned (0 -> -2)
A: horns 2, retaliatory headbutt
a: Renounce Religion


You were on level 5 of the Dungeon.
You worshipped Okawaru.
Okawaru was noncommittal.
You visited 2 branches of the dungeon, and saw 6 of its levels.

You collected 434 gold pieces.

Inventory:

Hand Weapons
 a - a +0 shortbow (weapon)
Armour
 c - a +0 leather armour (worn)
Jewellery
 f - a ring of protection from cold (left hand)
 j - an amulet of reflection (around neck)
Wands
 l - a wand of flame (9)
 r - a wand of charming (12)
Scrolls
 b - 4 scrolls of immolation
 d - 7 scrolls of identify {unknown}
 e - a scroll of acquirement {unknown}
 m - a scroll of butterflies {unknown}
 n - 2 scrolls of teleportation {unknown}
 p - a scroll of noise {unknown}
 q - a scroll of blinking {unknown}
Potions
 g - a potion of heal wounds
 h - a potion of cancellation {unknown}
 i - a potion of resistance {unknown}
 k - a potion of might {unknown}
 o - 2 potions of haste
 s - a potion of curing


   Skills:
 + Level 5.6 Fighting
 + Level 6.4 Ranged Weapons
 - Level 2.1 Dodging
 - Level 0.7 Stealth


You had 4 spell levels left.
You didn't know any spells.
Your spell library contained the following spells:

 Spells                   Type           Power      Damage    Failure   Level
 Beastly Appendage        Tmut           0%         N/A       52%         1
 Magic Dart               Conj           0%         1d3       52%         1
 Wereblood                Tmut           0%         N/A       67%         2
 Frozen Ramparts          Ice            0%         1d1       88%         3
 Mephitic Cloud           Conj/Pois/Air  0%         N/A       88%         3
 Spider Form              Tmut/Pois      0%         N/A       88%         3
 Ice Form                 Ice/Tmut       0%         N/A       99%         4
 Call Imp                 Summ           Unusable   N/A       N/A         2
 Summon Ice Beast         Ice/Summ       Unusable   N/A       N/A         4

Dungeon Overview and Level Annotations

Branches:
Dungeon (5/15)             Temple (1/1) D:4

Altars:
Cheibriados
Gozag
Hepliaklqana
Makhleb
Okawaru
Qazlal
Trog
Uskayaw
Vehumet
Xom

Shops:
D:1 !(

Annotations:
D:4 Dowan, Duvessa


Innate Abilities, Weirdness & Mutations

You have a pair of horns on your head.
You reflexively headbutt those who attack you in melee.


Message History

The killer bee stings you! The killer bee closely misses you.
You furiously retaliate!
You headbutt the killer bee!
You kill the killer bee!
Okawaru accepts your kill.
Unknown command.
Fire: a) +0 shortbow
Press: ? - help, Q - select action, (/) - cycle Shift-Dir - straight line, f - ufetubus
Aim: an ufetubus (48% to hit)
You shoot an arrow.
The arrow hits the ufetubus but does no damage.
You feel sick.
Fire: a) +0 shortbow
Press: ? - help, Q - select action, (/) - cycle Shift-Dir - straight line, f/p - ufetubus
Aim: an ufetubus (48% to hit)
You shoot an arrow. The arrow hits the ufetubus.
The ufetubus is severely wounded.
You feel sick. The ufetubus barely misses you. x2
The ufetubus closely misses you. The ufetubus hits you.
* * * LOW HITPOINT WARNING * * *
Fire: a) +0 shortbow
Press: ? - help, Q - select action, (/) - cycle Shift-Dir - straight line, f/p - ufetubus
Aim: an ufetubus (severely wounded, 48% to hit)
You shoot an arrow. The arrow misses the ufetubus.
You feel sick.
The ufetubus hits you but does no damage.
You block the ufetubus's attack.
The ufetubus hits you but does no damage.
The ufetubus misses you.
Fire: a) +0 shortbow
Press: ? - help, Q - select action, (/) - cycle Shift-Dir - straight line, f/p - ufetubus
Aim: an ufetubus (severely wounded, 48% to hit)
You shoot an arrow.
The arrow hits the ufetubus but does no damage.
The ufetubus is severely wounded.
You feel sick.
You hear an angry hiss.
The ufetubus hits you.
* * * LOW HITPOINT WARNING * * *
The ufetubus closely misses you. The ufetubus hits you.
You die...

#...# #.#.#
#.#.#.### ###.#
#....##.#.....#
#.#
##....>#...###.#
#.# #..........#
.# #.#
#..........###.#
#.#
#........#.....#
#.#
#..........#.###
#.###.#...##.#.#.#
#..@5...<..#.#.# #
#####.#..#.....#
#........#
.......#....#
##.#..........#
#.###.#.##)### #
#.#.# .# #.#.# .#
#.#.#


You could see an ufetubus.

Vanquished Creatures
  A killer bee (D:5)
  A jelly (D:4)
  2 iguanas (D:4)
  4 gnolls
  2 adders (D:2)
  A worm (D:4)
  An orc (D:3)
  9 endoplasms
  2 giant cockroaches (D:1)
  5 goblins
  9 hobgoblins
  6 jackals
  6 kobolds
  5 quokkas
  5 ball pythons
  2 bats
  4 frilled lizards
  3 rats
68 creatures vanquished.

Notes
Turn   | Place    | Note
-------+----------+-------------------------------------------
     0 | D:1      | safid the Minotaur Hunter began the quest for the Orb.
     0 | D:1      | Reached XP level 1. HP: 18/18 MP: 0/0
   124 | D:1      | Found Hoes's Distillery.
   154 | D:1      | Found a faded altar of an unknown god.
   163 | D:1      | Reached XP level 2. HP: 25/25 MP: 1/1
   246 | D:1      | Found Vezeota's Weapon Emporium.
   855 | D:1      | Reached skill level 5 in Ranged Weapons
   855 | D:1      | Reached XP level 3. HP: 31/31 MP: 2/2
   948 | D:2      | Identified the +1 robe of Poavuc {rC+ rN+ Slay-3}
  2070 | D:2      | Reached XP level 4. HP: 40/40 MP: 3/3
  2610 | D:3      | Identified the +0 plate armour of Opuelim {+Blink rElec}
  3428 | D:4      | Reached XP level 5. HP: 37/47 MP: 4/4
  3572 | D:4      | Found a staircase to the Ecumenical Temple.
  3580 | D:4      | Noticed Duvessa
  3582 | D:4      | Noticed Dowan
  4155 | Temple   | Entered the Ecumenical Temple
  4411 | Temple   | Became a worshipper of Warmaster Okawaru
  4491 | D:4      | Found a bloodstained altar of Trog.
  4994 | D:5      | Entered Level 5 of the Dungeon
  5010 | D:4      | Reached skill level 5 in Fighting
  5010 | D:4      | Reached skill level 6 in Ranged Weapons
  5370 | D:5      | Slain by an ufetubus

Illustrated notes

Levels and vault maps discovered:
D:1:      psy_arrival_fountain, layout_loops_ring, serial_shops,
          nicolae_shop_bloodbath_and_beyond, nicolae_shop_advertising_works
          [nicolae_subvault_shop_adworks], ebering_ecumenical_altar_webs,
          wander_ebering_terrifying_dragon_lair
D:2:      mumra_celtic_spiral_tile, layout_loops_corners, minmay_liquid_box,
          chequers_serial_rivers_marsh
D:3:      layout_loops_ring
D:4:      layout_loops_corners, trog_book, minmay_temple_entry_water_ring,
          uniq_duvessa
D:5:      layout_loops_ring, uniq_grinder
Temple:   compressed_dpeg_triangle_lava_temple

Skill      XL: |  1  2  3  4  5 |
---------------+----------------+-----
Fighting       | 3 4 5 |  5.6
Ranged Weapons | 5 6 |  6.4
Dodging        | |  2.1
Stealth        | |  0.7

Action                   |  1- 3 |  4- 6 || total
-------------------------+-------+-------++-------
 Fire: Shortbow          |   111 |   107 ||   218
  Use: Potion            |       |     3 ||     3
Armor: Leather armour    |     4 |     6 ||    10
Dodge: Dodged            |    32 |    39 ||    71
Block: Other             |     8 |    17 ||    25
